 Dungeon Sprint DCSS version 0.29.1-15-g9cfb28693d (webtiles) character file.

Game seed: 6743517852280962892

21 Revguard the Trooper (level 2, -4/26 HPs)
             Began as a Demonspawn Gladiator on Mar 10, 2023.
             Was a Follower of Uskayaw.
             Slain by a mummy (7 damage)
             ... in the Dungeon (Sprint V: "Ziggurat Sprint").
             The game lasted 00:02:52 (137 turns).

Revguard the Trooper (Demonspawn Gladiator)          Turns: 137, Time: 00:02:53

Health: -4/26      AC: 19    Str: 20    XL:     2   Next: 62%
Magic:  4/4        EV:  4    Int:  9    God:    Uskayaw [*.....]
Gold:   0          SH:  0    Dex: 20    Spells: 1/1 levels left

rFire   + . .      SeeInvis .   G - +9 sword of Zonguldrok {reap}
rCold   + . .      Faith    .   (no shield)
rNeg    . . .      Spirit   .   H - +5 gold dragon scales
rPois   +          Reflect  .   c - +0 helmet
rElec   .          Harm     .   (no cloak)
rCorr   .          Rampage  .   (no gloves)
Will    .....      NoTele   +   (no boots)
Stlth   ..........              (no amulet)
HPRegen 0.08/turn               z - +6 ring of strength
MPRegen 0.09/turn               v - +6 ring of dexterity

@: no status effects
A: demonic touch 1
a: Renounce Religion, Stomp


You were in the Dungeon.
You worshipped Uskayaw.
Uskayaw was noncommittal.
You visited 1 branch

Inventory:

Hand Weapons
 a - a +0 long sword
 D - the +7 Singing Sword {vorpal, sonic wave}
   (You found it in the Dungeon)

   It inflicts extra damage upon your enemies.
   It radiates damaging sonic waves as it strikes, especially in combat
   involving dangerous or numerous foes.
 E - the +11 plutonium sword {Contam Stlth-}
   (You found it in the Dungeon)

   It occasionally inflicts wild transmutation effects on those it strikes,
   inflicting malmutation or extra damage, or polymorphing them into a new form.
   Contam:    It causes magical contamination when unequipped.
   Stlth:     It makes you less stealthy.
 F - the +5 sword of Power {vorpal}
   (You found it in the Dungeon)

   It inflicts extra damage upon your enemies.
   It occasionally discharges a powerful but inaccurate bolt of energy upon
   striking a foe, with increased chance the greater the wielder's current
   health.
 G - the +9 sword of Zonguldrok (weapon) {reap}
   (You found it in the Dungeon)

   Any living foe damaged by it may be reanimated upon death as a zombie
   friendly to the wielder, with an increasing chance as more damage is dealt.
Missiles
 d - 3 throwing nets (quivered)
 e - a javelin
Armour
 b - a +0 leather armour
 c - a +0 helmet (worn)
 H - +5 gold dragon scales (worn)
Jewellery
 u - a ring of flight
 v - a +6 ring of dexterity (right hand)
 w - a +6 ring of dexterity
 x - a +6 ring of intelligence
 y - a +6 ring of intelligence
 z - a +6 ring of strength (left hand)
 A - a +6 ring of strength
Wands
 B - a wand of mindburst (7)
 C - a wand of quicksilver (7)
Scrolls
 k - 4 scrolls of blinking
 q - 4 scrolls of amnesia
 r - 7 scrolls of fog
 s - 5 scrolls of identify
 t - 2 scrolls of fear
Potions
 f - 10 potions of curing
 g - 10 potions of heal wounds
 h - 6 potions of haste
 i - 7 potions of magic
 j - 3 potions of berserk rage
 l - 2 potions of brilliance
 m - 2 potions of invisibility
 n - 4 potions of resistance
 p - 5 potions of might
Miscellaneous
 o - a lightning rod (4/4)


   Skills:
 + Level 4.5 Fighting
 + Level 3.7 Long Blades
 - Level 1.7 Throwing
 + Level 2.3 Armour
 * Level 3.9 Dodging
 + Level 3.5 Invocations
 + Level 2.6 Evocations


You had one spell level left.
You didn't know any spells.
Your spell library was empty.

Dungeon Overview and Level Annotations

Branches:
Dungeon (1/1)

Altars:
Ashenzari
Cheibriados
Dithmenos
Fedhas
Gozag
Hepliaklqana
Kikubaaqudgha
Makhleb
Nemelex Xobeh
Okawaru
Qazlal
Ru
Sif Muna
Trog
Uskayaw
Vehumet
Wu Jian
Xom
Yredelemnul
Jiyva
Lugonu

Annotations:
D 1 transporter


Innate Abilities, Weirdness & Mutations

Your touch may inflict minor irresistible damage on your foes.


Message History

Your hands begin to faintly glow with unholy energy.
There is a bloodstained altar of Trog here.
There is a hide-covered altar of Uskayaw here.
There is a hide-covered altar of Uskayaw here.
You kneel at the altar of Uskayaw.
Uskayaw welcomes you!
Okay, then.
You see here a lightning rod (4/4).
o - a lightning rod (4/4)
Things that are here:
a +5 bardiche; a +5 demon trident
Things that are here:
a +5 executioner's axe; a +5 battleaxe; a +5 broad axe
Things that are here:
a +5 bardiche; a +5 demon trident
Items here: )))).
You see here a +5 lajatang.
Items here: )))).
There is a transporter here.
Welcome to arena 1.
You enter the transporter and appear at another place. 2 mummies come into view.
Found a staff of air and a +3 vorpal scimitar.
Found a transporter.
You hit the mummy.
The mummy is moderately damaged.
The mummy barely misses you. The mummy hits you but does no damage.
You barely miss the mummy.
The mummy is moderately damaged.
The mummy hits you! x2
You slash the mummy!
You destroy the mummy!
The mummy hits you.
* * * LOW HITPOINT WARNING * * *
You can now stomp with the beat.
Okay, then.
You slash the mummy!
The mummy is heavily damaged.
The mummy hits you!
You die...

▓▓▓▓▓▓▓
▓.8©8.▓
▓.....▓
▓.).|.▓
▓...M.▓
▓..@..▓
▓..©..▓
▓▓▓▓▓▓▓


You could see a mummy.

Vanquished Creatures
  A mummy (D)
1 creature vanquished.

Notes
Turn   | Place    | Note
-------+----------+-------------------------------------------
     0 | D        | Revguard the Demonspawn Gladiator began the quest for the
                  | Orb.
     0 | D        | Reached XP level 1. HP: 16/16 MP: 1/1
     0 | D        | Found a blossoming altar of Fedhas.
     0 | D        | Found the +6 Majin-Bo {vamp, MP+6 Int+6}
     0 | D        | Found the +9 heavy crossbow "Sniper" {vorpal, Acc+∞ SInv}
     0 | D        | Found the +10 dark maul {vorpal}
     0 | D        | Found the +15 Maxwell's patent armour {-Cast -Tele rElec
                  | Will+ rCorr}
     0 | D        | Found the +18 shield of the Gong {rElec rN+ Will+ EV-5}
     0 | D        | Found the +14 obsidian axe {vorpal, Mesm Drain Fly SInv}
     0 | D        | Found the +7 great mace "Firestarter" {inner flame, rF++}
     0 | D        | Found the +6 shillelagh "Devastator" {shatter}
     0 | D        | Found the +11 plutonium sword {Contam Stlth-}
     0 | D        | Found the +8 lance "Wyrmbane" {slay drac, rPois rF+ rC+
                  | AC+3}
     0 | D        | Found the +9 sword of Zonguldrok {reap}
     0 | D        | Found the +13 scythe of Curses {drain, Drain}
     0 | D        | Found the +5 sword of Power {vorpal}
     0 | D        | Found the +7 mace of Variability {chain chaos}
     0 | D        | Found the +7 Singing Sword {vorpal, sonic wave}
     0 | D        | Found the +8 storm bow {elec, penet}
     1 | D        | Found a shimmering blue altar of Sif Muna.
     1 | D        | Found a sacrificial altar of Ru.
     1 | D        | Found a bloodstained altar of Trog.
     1 | D        | Found a stormy altar of Qazlal.
     1 | D        | Found an iron altar of Okawaru.
     1 | D        | Found a sparkling altar of Nemelex Xobeh.
     3 | D        | Found a transporter.
     3 | D        | Found an ancient bone altar of Kikubaaqudgha.
     3 | D        | Found a viscous altar of Jiyva.
     3 | D        | Found a corrupted altar of Lugonu.
     3 | D        | Found a hazy altar of Hepliaklqana.
     3 | D        | Found a burning altar of Makhleb.
     3 | D        | Found an opulent altar of Gozag.
    77 | D        | Reached skill level 4 in Fighting
    77 | D        | Discovered your monstrous ancestry.
    77 | D        | Gained mutation: Your touch may inflict minor irresistible
                  | damage on your foes. [demonic ancestry]
    77 | D        | Reached XP level 2. HP: 26/26 MP: 1/4
    96 | D        | Became a worshipper of Uskayaw the Reveller
   132 | D        | Entered arena 2.
   132 | D        | Found a transporter.
   136 | D        | Reached * piety under Uskayaw
   137 | D        | Slain by a mummy

Illustrated notes

Levels and vault maps discovered:
D:        sprint_v [room_start, room_1, room_2, room_3, room_4, room_5, room_6,
          room_7, room_8, room_9, room_10, room_11, room_12, room_13, room_14,
          room_15, room_16, room_17, room_18, room_19, room_20, room_21,
          room_22, room_23, room_24, room_25, room_26, room_27]

Skill      XL: |  1 |
---------------+----+-----
Fighting       | 4 |  4.5
Long Blades    | 3 |  3.7
Armour         | 2 |  2.3
Dodging        | 3 |  3.9
Invocations    | 3 |  3.5
Evocations     | 2 |  2.6
Throwing       | |  1.7

Action                   || total
-------------------------++-------
Melee: Double sword      ||     4
  Use: Potion            ||     1
Armor: Gold dragon scale ||     1
Dodge: Dodged            ||     1
